[Event "10th Norway Chess Blitz 2022"]
[Site "Stavanger"]
[Date "2022.05.30"]
[Round "9.3"]
[White "Tari, Aryan"]
[Black "Wang, Hao"]
[Result "1-0"]
[ECO "B23"]
[WhiteElo "2654"]
[BlackElo "2744"]
[Annotator "TA"]
[PlyCount "122"]
[EventDate "2022.05.30"]
[EventType "tourn"]
[EventCountry "NOR"]
[SourceTitle "playchess.com"]
[Source "ChessBase"]
[SourceQuality "1"]
[TimeControl "180+2"]

1. e4 c5 2. Nc3 d6 3. f4 g6 4. Nf3 Bg7 5. Bb5+ Bd7 6. Bc4 {[%emt 0:00:01] B23: Closed Sicilian: Lines without g3.} Nc6 7. d3 a6 8. O-O {[%emt 0:00:29] The position is equal.} b5 9. Bd5 $5 {[%emt 0:00:17][%mdl 4] An interesting side line.} ({White should play} 9. Bb3 $11) 9... e6 $15 10. Bxc6 Bxc6 {[%emt 0:00:02] [#]} 11. f5 $146 ({Predecessor:} 11. Qe1 Ne7 12. Bd2 Qd7 13. Qf2 O-O 14. Rae1 Rac8 15. Qh4 f6 16. g4 Kf7 17. f5 exf5 18. gxf5 {1-0 (38) Vera Balague,G (1929)-Juanco Elizari,F (1789) Huarte 2013}) 11... Ne7 (11... exf5 $15 12. exf5 Ne7) 12. fxe6 $14 fxe6 {[%emt 0:00:02] [#]} 13. Ng5 $1 Qd7 14. Qg4 {[%emt 0:00:06] White is more active.} O-O-O 15. Qxe6 ({Better is} 15. Nxe6 $16 {Strongly threatening Qh3.} Bd4+ 16. Kh1) 15... h6 16. Qxd7+ Kxd7 17. Nf3 (17. Nf7 {looks sharper.} Rdf8 18. Bd2 Rh7 19. e5) 17... g5 18. Rb1 Rhf8 19. Be3 Ng6 20. h3 Rde8 21. Rbe1 b4 22. Nd1 a5 23. b3 a4 24. Nf2 axb3 25. axb3 Ra8 26. d4 Ra2 (26... Bb5 $11 {keeps the balance.}) 27. dxc5 $16 Bb5 28. Rd1 Bxf1 29. Rxd6+ (29. Kxf1 $6 Ra1 $11) 29... Ke7 $2 (29... Ke8 $16 {is tougher.}) 30. Rxg6 $18 {[%emt 0:00:15] Dancing on a razor blade.} (30. Kxf1 Nf4 $16) 30... Kf7 31. Rb6 (31. Rxg7+ $1 $18 Kxg7 32. Kxf1) 31... Be2 $14 32. Nd4 (32. Rxb4 Bxf3 33. gxf3 Rxc2 $11) (32. Bd4 $1 $14 Kg8 33. Rg6 (33. Rxb4 Rxc2 34. Bxg7 Kxg7 $17)) 32... Bxd4 33. Bxd4 Rxc2 34. Rxb4 Rd8 35. Kh2 h5 36. Be3 g4 37. hxg4 hxg4 {[%emt 0:00:02] [#]} (37... Bxg4 $11 38. Rb7+ (38. Nxg4 hxg4 39. Rb5 Re8 $11) 38... Kf6) 38. Kg3 (38. Bd4 $1 $16) 38... Ke6 (38... Rc3 $5 39. Kf4 Rf8 $11) 39. Rb6+ ({Wrong is} 39. Nxg4 $2 Rg8 40. Rb6+ Kd7 $19) 39... Ke5 40. Bf4+ ({Don't blunder} 40. Nxg4+ $2 Bxg4 41. Kxg4 Rg8+ 42. Kf3 Rf8+ 43. Kg4 Rxg2+ 44. Kh3 Rg7 $19) 40... Kd4 41. b4 (41. Bd6 $14) 41... Rc3+ $11 42. Kh4 Rh8+ 43. Kg5 g3 44. Rd6+ Kc4 45. Nd1 Bxd1 46. Rxd1 {[%emt 0:00:01][%mdl 4096] Endgame Be5 is the strong threat. KRR-KRB} Rg8+ 47. Kh4 {[%emt 0:00:03] Black must now prevent c6.} Rc2 48. Rg1 Kxb4 49. Bxg3 Rc4 50. Bd6 Rxe4+ 51. g4 Kb5 52. Kh5 Kc6 53. g5 Rh8+ 54. Kg6 Rhe8 55. Kf5 Re2 (55... Re1 $1 $11 {should be considered.} 56. Rxe1 Rxe1) 56. g6 $14 {[%emt 0:00:01] Threatens to win with g7.} Rf2+ 57. Kg5 {[%emt 0:00:01] And now g7 would win.} Rg8 58. Kh6 {[%emt 0:00:02] Hoping for g7.} Re2 $2 (58... Rh8+ $16 59. Kg7 Rh5) 59. Kh7 Ree8 60. g7 Ra8 61. Rf1 (61. Rg6 $142 Rxg7+ 62. Kxg7 Re8 63. Be7+ Kd7 64. Bg5 Re4 65. Rd6+ Kc8 66. Kf6) 61... Kd5 {[%emt 0:00:10] Weighted Error Value: White=0.22 (precise) /Black=0.37} 1-0

[Event "10th Norway Chess Blitz 2022"]
[Site "Stavanger"]
[Date "2022.05.30"]
[Round "9.4"]
[White "So, Wesley"]
[Black "Giri, Anish"]
[Result "1/2-1/2"]
[ECO "D85"]
[WhiteElo "2766"]
[BlackElo "2761"]
[Annotator "TA"]
[PlyCount "27"]
[EventDate "2022.05.30"]
[EventType "tourn"]
[EventCountry "NOR"]
[SourceTitle "playchess.com"]
[Source "ChessBase"]
[SourceQuality "1"]
[TimeControl "180+2"]

1. d4 Nf6 2. c4 g6 3. Nc3 d5 4. cxd5 Nxd5 5. e4 Nxc3 6. bxc3 Bg7 7. Be3 {[%emt 0:00:05] 7.Nf3 is a critical line.} c5 8. Nf3 (8. Rc1 Qa5 9. Qd2 cxd4 10. cxd4 Qxd2+ 11. Kxd2 O-O 12. Nf3 Nc6 13. d5 Rd8 14. Ke1 Na5 15. Bg5 Bd7 16. Bd3 Rdc8 17. Ke2 e6 18. Bd2 exd5 19. exd5 b6 20. Ba6 Re8+ 21. Be3 Ba4 22. Rc7 Rad8 23. Rxa7 Rxd5 24. Rc1 Nc6 {½-½ (33) So,W (2770)-Giri,A (2764) Chess.com INT 2020}) 8... Qa5 9. Nd2 {[%emt 0:00:02] D85: Exchange Grünfeld: Unusual White 7th moves and lines with 7 Nf3.} O-O 10. Nb3 {[%emt 0:00:01] [#]} Qxc3+ $1 $146 {[%emt 0:00:01][%mdl 8] The position is equal. A relevant novelty.} ({Predecessor:} 10... Qc7 11. Nxc5 Nd7 12. Na4 a6 13. Rc1 b5 14. Nb2 Bb7 15. f3 Qa5 16. Qb3 e5 {0-1 (64) Grischuk,A (2776)-Nepomniachtchi,I (2792) chess24.com INT 2021}) 11. Bd2 Qb2 12. Bc1 Qc3+ 13. Bd2 Qb2 14. Bc1 {[%emt 0:00:01] A balanced but interesting game.  Weighted Error Value: White=0.10 (very precise) /Black=0.06 (flawless)} 1/2-1/2

[Event "10th Norway Chess Blitz 2022"]
[Site "Stavanger"]
[Date "2022.05.30"]
[Round "9.5"]
[White "Topalov, Veselin"]
[Black "Radjabov, Teimour"]
[Result "1/2-1/2"]
[ECO "A01"]
[WhiteElo "2730"]
[BlackElo "2753"]
[Annotator "TA"]
[PlyCount "94"]
[EventDate "2022.05.30"]
[EventType "tourn"]
[EventCountry "NOR"]
[SourceTitle "playchess.com"]
[Source "ChessBase"]
[SourceQuality "1"]
[TimeControl "180+2"]

1. c4 Nf6 2. b3 e5 3. Bb2 Nc6 4. e3 Be7 5. Nf3 d6 (5... e4 $5 6. Nd4 O-O $11) 6. d3 {[%emt 0:00:03] A01: Nimzowitsch-Larsen Opening.} O-O 7. Nbd2 Re8 8. a3 a5 9. Be2 Bf8 10. O-O g6 11. Ng5 Bg7 12. Nge4 Nd7 13. Nc3 {[%emt 0:00:03] [#]} f5 $146 ({Predecessor:} 13... Nc5 14. Nd5 Be6 15. Qc2 h6 16. Rfd1 Qc8 17. b4 Nd7 18. Bc3 Nf6 19. Bf3 Bxd5 20. cxd5 Ne7 21. e4 axb4 22. axb4 {½-½ (39) Topalov,V (2761)-Aronian,L (2792) Paris 2016}) 14. Nd5 Nf6 15. Qc2 Be6 16. Bf3 Kh8 17. Bc3 g5 18. g3 g4 19. Bg2 Bxd5 20. cxd5 Ne7 21. e4 f4 22. Rfe1 Ng6 23. b4 axb4 24. axb4 Rb8 25. Nc4 h5 26. d4 Nd7 27. dxe5 Ndxe5 28. Nxe5 Bxe5 29. Bxe5+ Rxe5 30. Rec1 ({Don't do} 30. Qc1 Qf6 $14) 30... f3 31. Bf1 Re7 32. e5 (32. Qd2 $11 Ne5 33. h4) 32... Nxe5 $15 33. Ra3 h4 34. Rc3 hxg3 35. hxg3 c6 (35... Rc8 $15 36. Qf5 Rf7 37. Qh5+ Rh7) 36. Bd3 $2 (36. Qd2 $11) 36... Kg7 $2 (36... Qe8 $1 $19 {[%cal Re8h5] And now ...Qh5 would win.} 37. dxc6 bxc6) 37. dxc6 $2 {[%mdl 8192] [#]} (37. Qd2 $11) 37... bxc6 $2 (37... Qe8 $1 $19 {[%cal Re8h5] ( -> ...Qh5)} 38. c7 Rc8) 38. Rxc6 $11 Nxc6 39. Qxc6 Qe8 ({Black should try} 39... Qd7 $11 40. Qc3+ Re5) 40. Qxd6 $2 {[%emt 0:00:10] [#]} (40. Qc3+ $14 {keeps the upper hand.} Re5 41. Qd4 (41. Qc7+ Re7 $16)) 40... Re1+ ({Black should play} 40... Rd8 $1 $17 41. Qa6 Re1+ 42. Rxe1 Qxe1+ 43. Bf1 Qxb4) 41. Rxe1 {[%emt 0:00:00][%mdl 64] Remove Defender. Really sharp! The position is equal.} Qxe1+ {[%emt 0:00:01][%mdl 4096] Endgame KQR-KQB} 42. Bf1 Rxb4 43. Qc7+ Kf6 44. Qd6+ Kf5 45. Qd7+ Kf6 46. Qd6+ $1 Kf5 47. Qd7+ Kf6 {[%emt 0:00:02] Weighted Error Value: White=0.55/Black=0.52} 1/2-1/2